 Dungeon Crawl Stone Soup version 0.31-a0-523-g071a6c1ffa (webtiles) character file.

Game seed: 7699632857351071932

290 ytrimaz the Changeling (level 6, -4/38 HPs)
             Began as an Octopode Shapeshifter on Aug 11, 2023.
             Killed by divine providence
             ... invoked by an orc priest
              (15 damage)
             ... on level 4 of the Dungeon.
             The game lasted 00:02:47 (3035 turns).

ytrimaz the Changeling (Octopode Shapeshifter)      Turns: 3035, Time: 00:02:48

Health: -4/38      AC:  1    Str: 15    XL:     6   Next: 32%
Magic:  6/6        EV: 14    Int: 10    God:
Gold:   119        SH:  0    Dex: 14    Spells: 5/5 levels left

rFire   . .          .
                       - Unarmed
rCold   . . .        (no shield)
rNeg    . . .        (helmet currently unavailable)
rPois   +            (no amulet)
rElec   .            g - ring of poison resistance
rCorr   .            (no ring)
SInv    .            (no ring)
Will    .....        (no ring)
Stlth   ++           (no ring)
HPRegen 0.26/turn    (no ring)
MPRegen 0.10/turn    (no ring)
                     (no ring)

%: no passive effects
@: beast-form
A: beast (slay +3), almost no armour, amphibious, 8 rings, camouflage 1,
gelatinous body 1, (nimble swimmer 1), tentacles
a: Begin Untransformation


You were on level 4 of the Dungeon.
You were a hulking beast.
You visited 1 branch of the dungeon, and saw 4 of its levels.

You collected 119 gold pieces.


Innate Abilities, Weirdness & Mutations

You are a hulking beast.
Your limbs bulge with bestial killing power. (Slay +3)
You cannot wear most types of armour.
You are amphibious.
You can wear up to eight rings at the same time.
Your skin changes colour to match your surroundings (Stealth+).
Your rubbery body absorbs attacks. (AC +1, EV +1)
((You are camouflaged when in or above water. (Stealth+)))
You have tentacles for arms and can constrict up to eight enemies at once.


   Skills:
 - Level 1.0 Fighting
 + Level 4.0 Dodging
 - Level 3.0 Unarmed Combat
 * Level 5.1 Shapeshifting


You had 5 spell levels left.
You didn't know any spells.
Your spell library contained the following spells:

 Spells                   Type           Power      Damage    Failure   Level
 Scorch                   Fire           0%         2d5       50%         2
 Flame Wave               Conj/Fire      0%         2d4       98%         4
 Summon Cactus Giant      Summ           0%         N/A       100%        6

Inventory:

Jewellery
 d - an amulet of faith
   (You found it on level 1 of the Dungeon)
 g - a ring of poison resistance (left tentacle)
   (You found it on level 1 of the Dungeon)
Talismans
 b - a beast talisman (active)
 c - a flux talisman
Scrolls
 h - a scroll of fog
 m - a scroll of identify
 n - a scroll of revelation
 q - a scroll of enchant armour
Potions
 a - a potion of might
 e - a potion of haste {unknown}
 f - a potion of invisibility {unknown}
 j - a potion of resistance {unknown}
 k - 2 potions of heal wounds {unknown}
 l - a potion of cancellation {unknown}
 o - a potion of mutation {unknown}
 p - a potion of attraction {unknown}

Dungeon Overview and Level Annotations

Branches:
Dungeon (4/15) Zot: 20967
 Temple: D:4-7

Altars:
Makhleb
Qazlal

.###
#......##.........
..#
#.##..........#...
#.#
#.#..†.......##
#.###.......#...##
#..)......#....##
##...####........
#o#...####.......
......g)###.##
..#.... ####....#
#.h##...#.##
##...####.........
#......)<.##.....
##....o....# ...
##........# .
............
#...#.....#..
...##.......## ###
#.......#


You could see an orc priest.


Message History

You kill the hobgoblin!
The orc barely misses you.
You are too injured to fight recklessly! 😮 HP[+1]
The orc misses you.
Things that are here:
a +0 scale mail; a +0 club; an orc corpse You are too injured to fight recklessly!
Unknown command.
You tentacle-slap the orc. Your grab misses the orc.
The orc hits you with a +0 whip. 😮 HP[-1]
You take 1 damage, and now have 26/38 hp.
You bludgeon the orc!
You kill the orc!
You see here a +0 whip. 😮 HP[+1] Unknown command.
There is a stone staircase leading down here.
You start resting. 😎 HP[+11]
Your hp is fully restored (38).
Unknown command.
You climb downwards.
The orc priest looks braver for a moment.
There is a stone staircase leading up here.
Unknown command.
You tentacle-slap the orc wizard. You grab the orc wizard.
You squeeze the orc wizard.
You constrict the orc wizard, but do no damage.
The orc wizard hits you with a +0 dagger. 😕 HP[-3]
You take 3 damage, and now have 35/38 hp.
You release your grip on the orc wizard.
The orc priest mumbles some strange prayers to Beogh against you.
Pain shoots through your body!
The orc wizard hits you with a +0 dagger.
You climb upwards.
There is a stone staircase leading down here.
Unknown command. 😮 HP[-13]
You take 13 damage, and now have 22/38 hp.
MASSIVE DAMAGE!! (PAUSE)
You barely miss the orc wizard. Your grab misses the orc wizard.
Your squeeze misses the orc wizard.
The orc wizard hits you with a +0 dagger.
* * * LOW HITPOINT WARNING * * *
😨 HP[-4]
You take 4 damage, and now have 18/38 hp.
You tentacle-slap the orc wizard. Your grab misses the orc wizard.
Your squeeze misses the orc wizard. The orc wizard misses you. 😨 HP[+1]
You tentacle-slap the orc wizard. You grab the orc wizard.
You constrict the orc wizard, but do no damage.
The orc wizard hits you with a +0 dagger.
* * * LOW HITPOINT WARNING * * *
😨 HP[-3]
You take 3 damage, and now have 16/38 hp.
You tentacle-slap the orc wizard.
You kill the orc wizard!
Your Dodging skill increases to level 4!
Items here: ) [[ †.
Unknown command.
You start resting.
There is a stone staircase leading down here. 😕 HP[+13]
You regained 13 hp, and now have 29/38 hp.
Unknown command.
You start resting. 😎 HP[+9]
Your hp is fully restored (38).
Unknown command.
You climb downwards.
The orc closely misses you.
There is a stone staircase leading up, spattered with blood here.
You tentacle-slap the orc. You grab the orc.
You constrict the orc, but do no damage.
The orc completely misses you.
You tentacle-slap the orc.
You kill the orc!
The gnoll barely misses you.
The orc priest calls down the wrath of Beogh upon you.
Pain shoots through your body! The gnoll hits you with a +0 halberd!
* * * LOW HITPOINT WARNING * * *
Unknown command. 😨 HP[-21]
You take 21 damage, and now have 17/38 hp.
MASSIVE DAMAGE!! (PAUSE)
The gnoll completely misses you.
Unknown command.
You barely miss the gnoll. Your grab misses the gnoll.
You tentacle-slap the gnoll. Your squeeze misses the gnoll.
The gnoll hits you with a +0 halberd!
* * * LOW HITPOINT WARNING * * *
😨 HP[-6]
You take 6 damage, and now have 11/38 hp.
You tentacle-slap the gnoll. Your grab misses the gnoll. You squeeze the gnoll.
You kill the gnoll!
The orc priest mumbles some strange prayers to Beogh against you.
Beogh smites you!
You die...

Skill      XL: |  1  2  3  4  5  6 |
---------------+-------------------+-----
Shapeshifting  | 4 5 |  5.1
Dodging        | 3 4 |  4.0
Fighting       | |  1.0
Unarmed Combat | |  3.0

Action                     |  1- 3 |  4- 6 || total
---------------------------+-------+-------++-------
  Melee: Unarmed           |    43 |    49 ||    92
         Constrict         |    10 |    17 ||    27
         Tentacles         |     7 |    13 ||    20
         Punch             |       |     4 ||     4
    Use: Scroll            |     4 |     2 ||     6
         Potion            |     1 |       ||     1
   Stab: Sleeping          |     2 |     4 ||     6
 Armour: Skin              |     3 |     2 ||     5
  Dodge: Dodged            |    24 |    38 ||    62

Levels and vault maps discovered:
D:1:      minmay_arrival_three_doors, layout_loops_corners
D:2:      minmay_alternating_diamond, layout_loops_ring
D:3:      layout_loops_corners, lightli_temple_of_fire,
          nicolae_qazlal_general_emergency, kennysheep_big_empty_room
D:4:      layout_rooms, minmay_temple_entry_waves, uniq_menkaure

Notes
Turn   | Place    | Note
-------+----------+-------------------------------------------
     0 | D:1      | ytrimaz the Octopode Shapeshifter began the quest for the
                  | Orb.
     0 | D:1      | Reached XP level 1. HP: 13/13 MP: 1/1
     0 | D:1      | magus.rc [v1.9.6]
   834 | D:2      | Reached XP level 2. HP: 18/18 MP: 2/2
  1006 | D:2      | HP: 6/27 [poisoned by an adder]
  1193 | D:2      | Reached XP level 3. HP: 19/23 MP: 3/3
  1725 | D:3      | You pick up a book of Scorching and begin reading...
  1725 | D:3      | You add the spells Scorch, Flame Wave and Summon Cactus
                  | Giant to your library.
  1745 | D:3      | Reached skill level 4 in Shapeshifting
  1745 | D:3      | Reached XP level 4. HP: 27/28 MP: 4/4
  1859 | D:3      | Found a stormy altar of Qazlal.
  1962 | D:3      | Reached skill level 3 in Dodging
  2151 | D:3      | Found a burning altar of Makhleb.
  2532 | D:4      | Noticed a water moccasin
  2544 | D:4      | Killed a water moccasin
  2545 | D:4      | Reached XP level 5. HP: 18/33 MP: 5/5
  2675 | D:4      | Reached XP level 6. HP: 26/38 MP: 6/6
  2677 | D:4      | Reached skill level 5 in Shapeshifting
  2681 | D:4      | HP: 7/38 [orc wizard/puff of flame (7)]
  2690 | D:3      | Identified the +0 plate armour of Viny the Good {rElec rF+}
  2944 | D:3      | Reached skill level 4 in Dodging
  3035 | D:4      | Killed from afar by an orc priest

Vanquished Creatures
  A water moccasin (D:4)
  An iguana (D:3)
  An orc wizard (D:3)
  3 gnolls
  6 adders
  A worm (D:3)
  5 orcs
  2 ball pythons (D:2)
  6 endoplasms
  7 hobgoblins
  A quokka (D:4)
  3 bats
  2 frilled lizards
  A goblin (D:1)
  3 kobolds
  4 rats
47 creatures vanquished.

Table legend:
 A = Non-vault XP
 B = Vault XP
 C = Vault XP percentage of total XP
 D = Non-vault monster count
 E = Vault monster count
 F = Vault count percentage of total count
                 A         B        C        D         E       F
            +---------+---------+-------+---------+---------+-------
      Total |     412 |       3 |   0.7 |      45 |       2 |   4.3
            +---------+---------+-------+---------+---------+-------
        D:1 |       9 |       0 |   0.0 |       6 |       0 |   0.0
        D:2 |      68 |       3 |   4.2 |      13 |       2 |  13.3
        D:3 |     139 |       0 |   0.0 |      18 |       0 |   0.0
        D:4 |     196 |       0 |   0.0 |       8 |       0 |   0.0
            +---------+---------+-------+---------+---------+-------

Skill      XL: |  1  2  3  4  5  6 |
---------------+-------------------+-----
Shapeshifting  | 4 5 |  5.1
Dodging        | 3 4 |  4.0
Fighting       | |  1.0
Unarmed Combat | |  3.0

Action                     |  1- 3 |  4- 6 || total
---------------------------+-------+-------++-------
  Melee: Unarmed           |    43 |    49 ||    92
         Constrict         |    10 |    17 ||    27
         Tentacles         |     7 |    13 ||    20
         Punch             |       |     4 ||     4
    Use: Scroll            |     4 |     2 ||     6
         Potion            |     1 |       ||     1
   Stab: Sleeping          |     2 |     4 ||     6
 Armour: Skin              |     3 |     2 ||     5
  Dodge: Dodged            |    24 |    38 ||    62

Illustrated notes

Table legend:
 A = Kills in this place as a percentage of kills in the entire game.
 B = Kills by you in this place as a percentage of kills by you in the entire game.
 C = Kills by friends in this place as a percentage of kills by friends in the entire game.
 D = Other kills in this place as a percentage of other kills in the entire game.
 E = Experience gained in this place as a percentage of experience gained in the entire game.
 F = Experience gained in this place divided by the number of levels of this place that you have seen.
                   A       B       C       D       E      F
               +-------+-------+-------+-------+-------+----------------------
         Total | 100.0 | 100.0 |   N/A |   N/A | 100.0 | 103.8
       Dungeon | 100.0 | 100.0 |   N/A |   N/A | 100.0 | 103.8
               +-------+-------+-------+-------+-------+----------------------

Table legend: (Time is in decaauts)
 A = Elapsed time spent in this place.
 B = Non-inter-level travel time spent in this place.
 C = Inter-level travel time spent in this place.
 D = Time resting spent in this place.
 E = Time spent auto-exploring this place.
 F = Levels seen in this place.
 G = Mean time per level.
                   A        B        C        D        E       F      G
               +--------+--------+--------+--------+--------+-----+--------+
         Total |   3031 |   2976 |     55 |    369 |   2244 |   4 |  757.8 |
       Dungeon |   3031 |   2976 |     55 |    369 |   2244 |   4 |  757.8 |
               +--------+--------+--------+--------+--------+-----+--------+

Top non-repeatable levels by time:
     D:3: 1160 daAuts
     D:2: 874 daAuts
     D:1: 826 daAuts
     D:4: 169 daAuts
